details: 'tree hide wins funny chat they mad'

« prev index next »

General information

Mini Map

Players

team 1
NightElfJatski (teal | 13 APM | 16 actions | 01:13)

» actions
Build / train3
Enter build submenu2
Right click2
Select / deselect7
Use ability2
16 total
» units
Wisp3
3 total
» buildings
Moon Well1
Altar of Elders1
2 total
» build order
00:54 Moon Well
01:01 Altar of Elders
HumanNotAFKJustLazy (red | 6 APM | 122 actions | 20:21)

» actions
Basic commands5
Enter build submenu6
Right click62
Select / deselect38
Use ability11
122 total
» buildings
Tree of Life2
Lumber Mill1
Town Hall1
4 total
» build order
02:56 Tree of Life
05:27 Tree of Life
09:13 Lumber Mill
10:54 Town Hall
Random» Rivs91 (orange | 0 APM | 0 actions | 02:03)
Random» OrcpetQ-Borc (pink | 7 APM | 8 actions | 01:05)

» actions
Build / train3
Right click2
Select / deselect3
8 total
» units
Peon3
3 total
team 2
Random» NightElfwarriors (yellow | 21 APM | 414 actions | 20:10)
Hero icon 3 Demon Hunter
Ability icon 1 Mana Burn
Ability icon 1 Immolation
Ability icon 1 Evasion

» actions
Build / train45
Enter build submenu15
Enter hero's abilities submenu3
Right click158
Select / deselect161
Use ability32
414 total
» units
Wisp9
Archer5
Huntress17
31 total
» upgrades
Strength of the Moon3
Moon Armor3
Ultravision1
Well Spring1
8 total
» buildings
Altar of Elders1
Moon Well11
Ancient of War1
Hunter's Hall1
Tree of Ages1
Tree of Eternity1
16 total
» build order
00:26 Altar of Elders
00:42 Moon Well
00:59 Ancient of War
01:55 Moon Well
02:49 Hunter's Hall
02:54 Moon Well
03:51 Moon Well
04:49 Moon Well
05:49 Moon Well
06:47 Moon Well
06:54 Tree of Ages
07:44 Moon Well
09:27 Moon Well
10:23 Moon Well
11:21 Moon Well
12:03 Tree of Eternity
UndeadviGila.nTiSM- (blue | 25 APM | 389 actions | 15:26)
Hero icon 2 Death Knight
Ability icon 1 Death Coil
Ability icon 1 Unholy Aura

» actions
Assign group hotkey4
Build / train33
Enter build submenu14
Enter hero's abilities submenu2
Remove unit from queue11
Right click118
Select / deselect76
Select group hotkey6
Use ability125
389 total
» units
Acolyte2
Ghoul14
16 total
» buildings
Ziggurat3
Altar of Darkness1
Crypt2
Tomb of Relics1
Halls of the Dead1
8 total
» build order
00:09 Ziggurat
00:11 Altar of Darkness
00:30 Crypt
01:04 Tomb of Relics
02:03 Crypt
02:49 Ziggurat
04:02 Ziggurat
06:26 Halls of the Dead
Random» OrcTaCoCaT (green | 25 APM | 507 actions | 20:06)
Hero icon 2 Blademaster
Ability icon 1 Wind Walk
Ability icon 1 Critical Strike
Hero icon 1 Tauren Chieftain
Ability icon 1 Shockwave

» actions
Basic commands1
Build / train24
Enter build submenu9
Enter hero's abilities submenu3
Right click235
Select / deselect154
Use ability80
507 total
» units
Peon9
Raider6
Goblin Zeppelin2
17 total
» upgrades
Melee Weapons1
1 total
» buildings
Orc Burrow5
Altar of Storms1
Stronghold1
War Mill1
Beastiary2
10 total
» build order
00:05 Orc Burrow
00:08 Altar of Storms
01:28 Orc Burrow
02:19 Stronghold
02:25 War Mill
02:56 Orc Burrow
03:53 Orc Burrow
04:45 Beastiary
04:47 Beastiary
04:50 Orc Burrow
Random» UndeadSmOkeY_AmMo_mEH (purple | 55 APM | 1085 actions | 19:40)
Hero icon 5 Crypt Lord
Ability icon 3 Carrion Beetles
Ability icon 2 Spiked Carapace

» actions
Assign group hotkey16
Build / train42
Enter build submenu14
Enter hero's abilities submenu5
Give item / drop item7
Right click620
Select / deselect292
Select group hotkey23
Use ability64
1085 total
» units
Acolyte2
Ghoul4
Crypt Fiend17
Necromancer2
Gargoyle2
27 total
» upgrades
Creature Attack2
Creature Carapace1
Web1
4 total
» buildings
Altar of Darkness1
Ziggurat9
Graveyard1
Crypt1
Tomb of Relics1
Halls of the Dead1
Black Citadel1
Temple of the Damned1
16 total
» build order
00:18 Altar of Darkness
00:21 Ziggurat
00:47 Graveyard
01:04 Crypt
01:32 Ziggurat
01:41 Tomb of Relics
03:28 Ziggurat
05:17 Ziggurat
08:27 Ziggurat
08:55 Halls of the Dead
09:50 Ziggurat
11:27 Black Citadel
11:30 Ziggurat
11:33 Temple of the Damned
12:11 Ziggurat
18:01 Ziggurat
» items
Rod of Necromancy1
Scroll of Healing1
Boots of Speed1
3 total

Chat log

(00:35 / All) petQ-Borc: notafkjustadick
(00:37 / All) petQ-Borc: later guys
(00:42 / Allies) NotAFKJustLazy: not a dick
(00:43 / All) petQ-Borc: i see rt still full with asshoels
(00:44 / Allies) NotAFKJustLazy: that's just rude
(00:48 / All) petQ-Borc: dude u logged on to sit there?
(00:52 / All) petQ-Borc: how pathetic is your life
(00:53 / Allies) NotAFKJustLazy: what of it?
(00:55 / All) petQ-Borc: seriously dude
(00:55 / All) SmOkeY_AmMo_mEH: lol damn..
(00:55 / All) viGila.nTiSM-: who is
(01:01 / All) SmOkeY_AmMo_mEH: look at his name
(01:02 / All) petQ-Borc: you must be the most pathetic human on earth
(01:03 / All) NotAFKJustLazy: what's the problem with it
(01:07 / All) NotAFKJustLazy: live and let live
(01:29 / All) NotAFKJustLazy: I don't go down to where he lives and slap the dicks out of his mouth
(01:38 / All) NotAFKJustLazy: I don't call him a faggot or put him down for having AIDs
(01:43 / All) NotAFKJustLazy: I expect teh same kind of respect
(01:55 / All) viGila.nTiSM-: you are a fucking dumbass kid
(02:15 / All) NotAFKJustLazy: Well you get fucked in the ass on your off hours
(02:20 / All) NotAFKJustLazy: I didn't say anything about that
(02:28 / All) NotAFKJustLazy: Golden rule and all that
(02:42 / All) viGila.nTiSM-: you literally have some bad wiring going on in your head kid
(03:04 / All) NotAFKJustLazy: Our vice president thinks you should be shocked for sucking cock
(03:09 / All) NotAFKJustLazy: I didn't say I agreed with that
(03:13 / All) NotAFKJustLazy: But hey, maybe he's right
(03:17 / All) warriors: just quit
(03:19 / All) NotAFKJustLazy: So don't throw stones in your glass house you homo
(03:32 / All) SmOkeY_AmMo_mEH: what r u saying
(03:34 / All) viGila.nTiSM-: you are uninteligent
(03:43 / All) viGila.nTiSM-: literally retarded.
(03:51 / All) NotAFKJustLazy: So is your mother but I don't complain
(03:54 / All) NotAFKJustLazy: She gives good head
(04:08 / All) viGila.nTiSM-: clearly still just a kid
(04:14 / All) SmOkeY_AmMo_mEH: or dumbass
(04:19 / All) NotAFKJustLazy: Old enough to be your stepdaddy
(04:20 / All) SmOkeY_AmMo_mEH: lets hope kid
(05:19 / All) viGila.nTiSM-: suck adick and die ya peice of shit
(05:41 / All) NotAFKJustLazy: hax

(11:18 / All) NotAFKJustLazy: hax
(12:09 / All) warriors: fuck u
(12:22 / All) NotAFKJustLazy: leave I earned this win

(14:16 / All) warriors: u r dead when we find u
(14:41 / All) NotAFKJustLazy: If I die I'm dead
(15:24 / All) viGila.nTiSM-: red, you are gonna get yours real soon bud
(15:51 / All) NotAFKJustLazy: <---- shaking in his bright red hooker boots

(17:15 / All) warriors: quit u lost